TOP OF THE 1ST |
Barry's Bay Orioles batting - Pitching for Lee's Summit Tigers : RHP Renato Camardiel
|
Pitching: RHP Renato Camardiel
|
|
Batting: SHB António Cortéz
|
0-0: Ball 1-0: Ball 2-0: Swinging Strike 2-1: Foul Ball, location: 2F 2-2: Ball 3-2: Base on Balls
|
Batting: RHB Francisco Fidal
|
0-0: Called Strike 0-1: Ball 1-1: Ball 2-1: Grounds into double play, 6-4-3 (Groundball, 56)
|
Batting: LHB Chris Russell
|
0-0: Called Strike 0-1: Swinging Strike 0-2: Foul Ball, location: 2F 0-2: Foul Ball, location: 2F 0-2: Strikes out looking
|
Top of the 1st over - 0 runs, 0 hits, 0 errors, 0 left on base; Barry's Bay 0 - Lee's Summit 0 |
BOTTOM OF THE 1ST |
Lee's Summit Tigers batting - Pitching for Barry's Bay Orioles : RHP Denny Griffin
|
Pitching: RHP Denny Griffin
|
|
Batting: LHB José Guerrero
|
0-0: Foul Ball, location: 2F 0-1: Called Strike 0-2: Ground out 6-3 (Groundball, 6)
|
Batting: RHB José Deleón
|
0-0: Swinging Strike 0-1: Foul Ball, location: 2F 0-2: Ball 1-2: Fly out, F9 (Flyball, 89M)
|
Batting: RHB William Flores
|
0-0: SINGLE (Line Drive, 9LM)
|
Batting: LHB Víctor Piña
|
0-0: Called Strike 0-1: Ball 1-1: Ball 2-1: Foul Ball, location: 2F 2-2: Strikes out swinging
|
Bottom of the 1st over - 0 runs, 1 hit, 0 errors, 1 left on base; Barry's Bay 0 - Lee's Summit 0 |
TOP OF THE 2ND |
Barry's Bay Orioles batting - Pitching for Lee's Summit Tigers : RHP Renato Camardiel
|
Batting: RHB Dwayne Roldán
|
0-0: Called Strike 0-1: Foul Ball, location: 2F 0-2: Fly out, F3 (Popup, 34)
|
Batting: RHB Esteban Álvarez
|
0-0: Ball 1-0: Called Strike 1-1: Ball 2-1: Foul Ball, location: 2F 2-2: Ground out 6-3 (Groundball, 6)
|
Batting: RHB Kevin Hawkins
|
0-0: Swinging Strike 0-1: Ball 1-1: Ball 2-1: Ground out 6-3 (Groundball, 6)
|
Top of the 2nd over - 0 runs, 0 hits, 0 errors, 0 left on base; Barry's Bay 0 - Lee's Summit 0 |
BOTTOM OF THE 2ND |
Lee's Summit Tigers batting - Pitching for Barry's Bay Orioles : RHP Denny Griffin
|
Batting: RHB Tommy Smith
|
0-0: Ball 1-0: Ball 2-0: Ball 3-0: Called Strike 3-1: Base on Balls
|
Batting: LHB António Bonaccorsi
|
0-0: Called Strike 0-1: Foul Ball, location: 2F 0-2: Ball 1-2: Foul Ball, location: 2F 1-2: Ball 2-2: Foul Ball, location: 2F 2-2: Ball 3-2: DOUBLE (Flyball, 8RD) Tommy Smith to third
|
Batting: RHB Josh Martin
|
0-0: Ball 1-0: Ball 2-0: Fly out, F7 (Line Drive, 78D) Runner from 3rd tags up, SCORES, no throw
|
Batting: RHB Gerardo Romero
|
0-0: Ball 1-0: Foul Ball, location: 2F 1-1: Ball 2-1: Fly out, F7 (Flyball, 78M)
|
Batting: SHB Enrique Bartoccini
|
0-0: Called Strike 0-1: Ground out U3 (Groundball, 3L)
|
Bottom of the 2nd over - 1 run, 1 hit, 0 errors, 1 left on base; Barry's Bay 0 - Lee's Summit 1 |
TOP OF THE 3RD |
Barry's Bay Orioles batting - Pitching for Lee's Summit Tigers : RHP Renato Camardiel
|
Batting: RHB Howard Robinson
|
0-0: Ball 1-0: Swinging Strike 1-1: Bunt missed! 1-2: Fly out, F3 (Popup, 3)
|
Batting: RHB Dwayne Dickey
|
0-0: SINGLE (Groundball, 6MD)
|
Batting: RHB Scott Snider
|
0-0: Ball 1-0: Ball 2-0: Ball 3-0: Called Strike 3-1: Base on Balls Dwayne Dickey to second
|
Batting: SHB António Cortéz
|
0-0: Foul Ball, location: 2F 0-1: Called Strike 0-2: Strikes out swinging
|
Batting: RHB Francisco Fidal
|
0-0: Called Strike 0-1: Called Strike 0-2: Ball 1-2: Ball 2-2: Foul Ball, location: 2F 2-2: Fly out, F8 (Flyball, 8RS)
|
Top of the 3rd over - 0 runs, 1 hit, 0 errors, 2 left on base; Barry's Bay 0 - Lee's Summit 1 |
BOTTOM OF THE 3RD |
Lee's Summit Tigers batting - Pitching for Barry's Bay Orioles : RHP Denny Griffin
|
Batting: LHB José Guerrero
|
0-0: Ball 1-0: Ball 2-0: Fly out, F7 (Flyball, 7)
|
Batting: RHB José Deleón
|
0-0: Called Strike 0-1: Ball 1-1: Ball 2-1: Foul Ball, location: 2F 2-2: Ground out 6-3 (Groundball, 6)
|
Batting: RHB William Flores
|
0-0: Ball 1-0: Ball 2-0: Ball 3-0: Called Strike 3-1: Base on Balls
|
Batting: LHB Víctor Piña
|
0-0: Called Strike 0-1: Ball 1-1: Ball 2-1: Foul Ball, location: 2F 2-2: Foul Ball, location: 2F 2-2: Ball 3-2: Foul Ball, location: 2F 3-2: Fly out, F3 (Popup, 23)
|
Bottom of the 3rd over - 0 runs, 0 hits, 0 errors, 1 left on base; Barry's Bay 0 - Lee's Summit 1 |
TOP OF THE 4TH |
Barry's Bay Orioles batting - Pitching for Lee's Summit Tigers : RHP Renato Camardiel
|
Batting: LHB Chris Russell
|
0-0: Foul Ball, location: 2F 0-1: Ball 1-1: Ball 2-1: Fly out, F9 (Flyball, 89D)
|
Batting: RHB Dwayne Roldán
|
0-0: Ball 1-0: Swinging Strike 1-1: Ball 2-1: Ball 3-1: Called Strike 3-2: Base on Balls
|
Batting: RHB Esteban Álvarez
|
0-0: Ball 1-0: Called Strike 1-1: Foul Ball, location: 2F 1-2: Ball 2-2: Foul Ball, location: 2F 2-2: Ball 3-2: Foul Ball, location: 2F 3-2: Foul Ball, location: 2F 3-2: Foul Ball, location: 2F 3-2: Base on Balls Dwayne Roldán to second
|
Batting: RHB Kevin Hawkins
|
0-0: Ball 1-0: Called Strike 1-1: Foul Ball, location: 2F 1-2: Ball 2-2: Strikes out looking
|
Batting: RHB Howard Robinson
|
0-0: Ball 1-0: Ball 2-0: Foul Ball, location: 2F 2-1: Swinging Strike 2-2: Foul Ball, location: 2F 2-2: SINGLE (Line Drive, 89S) Dwayne Roldán to third Esteban Álvarez to second Runner from 3rd tries for Home, SAFE, no throw
|
Batting: RHB Dwayne Dickey
|
0-0: Foul Ball, location: 2F 0-1: Ball 1-1: 3-RUN HOME RUN (Flyball, 7LD), Distance : 316 ft
|
Batting: RHB Scott Snider
|
0-0: Ground out 4-3 (Groundball, 4)
|
Top of the 4th over - 4 runs, 2 hits, 0 errors, 0 left on base; Barry's Bay 4 - Lee's Summit 1 |
BOTTOM OF THE 4TH |
Lee's Summit Tigers batting - Pitching for Barry's Bay Orioles : RHP Denny Griffin
|
Batting: RHB Tommy Smith
|
0-0: Ball 1-0: Ball 2-0: Fly out, F9 (Flyball, 9S)
|
Batting: LHB António Bonaccorsi
|
0-0: Ball 1-0: Foul Ball, location: 2F 1-1: Ball 2-1: Foul Ball, location: 2F 2-2: Ball 3-2: Foul Ball, location: 2F 3-2: Base on Balls
|
Batting: RHB Josh Martin
|
0-0: Called Strike António Bonaccorsi steals 2nd base 0-1: Ball 1-1: SINGLE (Groundball, 56D) António Bonaccorsi to third Runner from 3rd tries for Home, SAFE, throw made home Josh Martin to second
|
Batting: RHB Gerardo Romero
|
0-0: Foul Ball, location: 2F 0-1: Ball 1-1: SINGLE (Groundball, 56) (infield hit) Josh Martin to third
|
Batting: SHB Enrique Bartoccini
|
0-0: Foul Ball, location: 2F 0-1: Ball 1-1: Ball 2-1: Foul Ball, location: 2F 2-2: Ball 3-2: Base on Balls Gerardo Romero to second
|
Batting: LHB José Guerrero
|
0-0: SINGLE (Groundball, 6MD) Josh Martin scores Gerardo Romero to third Enrique Bartoccini to second
|
Batting: RHB José Deleón
|
0-0: Foul Ball, location: 2F 0-1: Ball 1-1: Ball 2-1: Swinging Strike 2-2: Strikes out swinging
|
Batting: RHB William Flores
|
0-0: Called Strike 0-1: Called Strike 0-2: Ground out 1-3 (Groundball, P)
|
Bottom of the 4th over - 2 runs, 3 hits, 0 errors, 3 left on base; Barry's Bay 4 - Lee's Summit 3 |
TOP OF THE 5TH |
Barry's Bay Orioles batting - Pitching for Lee's Summit Tigers : RHP Renato Camardiel
|
Batting: SHB António Cortéz
|
0-0: Ball 1-0: Ball 2-0: Ball 3-0: Called Strike 3-1: Foul Ball, location: 2F 3-2: Ground out 4-3 (Groundball, 4)
|
Batting: RHB Francisco Fidal
|
0-0: Ball 1-0: Foul Ball, location: 2F 1-1: Fly out, F4 (Popup, 3DF)
|
Batting: LHB Chris Russell
|
0-0: Fly out, F7 (Flyball, 7S)
|
Top of the 5th over - 0 runs, 0 hits, 0 errors, 0 left on base; Barry's Bay 4 - Lee's Summit 3 |
BOTTOM OF THE 5TH |
Lee's Summit Tigers batting - Pitching for Barry's Bay Orioles : RHP Denny Griffin
|
Pitching: RHP Phil Wright
|
|
Batting: LHB Víctor Piña
|
0-0: Ball 1-0: Called Strike 1-1: Ground out 4-3 (Groundball, 4)
|
Batting: RHB Tommy Smith
|
0-0: Ball 1-0: Ball 2-0: SINGLE (Groundball, 4MD)
|
Batting: LHB António Bonaccorsi
|
0-0: Ball 1-0: Called Strike 1-1: Ball 2-1: Swinging Strike 2-2: Foul Ball, location: 2F 2-2: Foul Ball, location: 2F 2-2: Fly out, F9 (Flyball, 9)
|
Batting: RHB Josh Martin
|
0-0: Swinging Strike 0-1: SINGLE (Line Drive, 56D) Tommy Smith to second
|
Batting: RHB Gerardo Romero
|
0-0: Foul Ball, location: 2F 0-1: Ball 1-1: Called Strike 1-2: Fly out, F3 (Popup, 34)
|
Bottom of the 5th over - 0 runs, 2 hits, 0 errors, 2 left on base; Barry's Bay 4 - Lee's Summit 3 |
TOP OF THE 6TH |
Barry's Bay Orioles batting - Pitching for Lee's Summit Tigers : RHP Renato Camardiel
|
Batting: RHB Dwayne Roldán
|
0-0: Ball 1-0: Foul Ball, location: 2F 1-1: Ball 2-1: Swinging Strike 2-2: Ball 3-2: Base on Balls
|
Batting: RHB Esteban Álvarez
|
0-0: Called Strike 0-1: Foul Ball, location: 2F 0-2: Ball 1-2: 2-RUN HOME RUN (Flyball, 8RXD), Distance : 399 ft
|
Pitching: RHP Francisco Ramírez
|
|
Batting: RHB Kevin Hawkins
|
0-0: Ball 1-0: Called Strike 1-1: Swinging Strike 1-2: Strikes out swinging
|
Batting: RHB Howard Robinson
|
0-0: Ball 1-0: Called Strike 1-1: Ball 2-1: Foul Ball, location: 2F 2-2: Foul Ball, location: 2F 2-2: Strikes out swinging
|
Batting: RHB Dwayne Dickey
|
0-0: Ball 1-0: Ground out 6-3 (Groundball, 6)
|
Top of the 6th over - 2 runs, 1 hit, 0 errors, 0 left on base; Barry's Bay 6 - Lee's Summit 3 |
BOTTOM OF THE 6TH |
Lee's Summit Tigers batting - Pitching for Barry's Bay Orioles : RHP Phil Wright
|
Batting: SHB Enrique Bartoccini
|
0-0: Called Strike 0-1: Foul Ball, location: 2F 0-2: Foul Ball, location: 2F 0-2: Foul Ball, location: 2F 0-2: DOUBLE (Groundball, 3L)
|
Batting: LHB José Guerrero
|
0-0: Ball 1-0: Foul Ball, location: 2F 1-1: Foul Ball, location: 2F 1-2: Ball 2-2: Strikes out looking
|
Batting: RHB José Deleón
|
0-0: SINGLE (Groundball, 34D) Enrique Bartoccini to third Runner from 3rd tries for Home, SAFE, no throw
|
Batting: RHB William Flores
|
0-0: Ball 1-0: Ball 2-0: Ball 3-0: Base on Balls José Deleón to second
|
Batting: LHB Víctor Piña
|
0-0: Ball 1-0: Ball 2-0: Called Strike 2-1: Foul Ball, location: 2F 2-2: Ball 3-2: Foul Ball, location: 2F 3-2: Fly out, F6 (Popup, 6M)
|
Batting: RHB Tommy Smith
|
0-0: Ground out 6-3 (Groundball, 6D)
|
Bottom of the 6th over - 1 run, 2 hits, 0 errors, 2 left on base; Barry's Bay 6 - Lee's Summit 4 |
TOP OF THE 7TH |
Barry's Bay Orioles batting - Pitching for Lee's Summit Tigers : RHP Francisco Ramírez
|
Batting: RHB Scott Snider
|
0-0: Called Strike 0-1: Called Strike 0-2: Strikes out looking
|
Batting: SHB António Cortéz
|
0-0: Ball 1-0: Called Strike 1-1: Called Strike 1-2: Strikes out looking
|
Batting: RHB Francisco Fidal
|
0-0: Ball 1-0: Foul Ball, location: 2F 1-1: Ball 2-1: Ground out 6-3 (Groundball, 6)
|
Top of the 7th over - 0 runs, 0 hits, 0 errors, 0 left on base; Barry's Bay 6 - Lee's Summit 4 |
BOTTOM OF THE 7TH |
Lee's Summit Tigers batting - Pitching for Barry's Bay Orioles : RHP Phil Wright
|
Batting: LHB António Bonaccorsi
|
0-0: Called Strike 0-1: Foul Ball, location: 2F 0-2: SINGLE (Groundball, 34D)
|
Batting: RHB Josh Martin
|
0-0: Called Strike 0-1: Foul Ball, location: 2F 0-2: Foul Ball, location: 2F 0-2: Ball 1-2: Strikes out swinging
|
Batting: RHB Gerardo Romero
|
0-0: Swinging Strike 0-1: Called Strike 0-2: Strikes out looking
|
Batting: SHB Enrique Bartoccini
|
0-0: Called Strike António Bonaccorsi steals 2nd base 0-1: Foul Ball, location: 2F 0-2: Strikes out swinging
|
Bottom of the 7th over - 0 runs, 1 hit, 0 errors, 1 left on base; Barry's Bay 6 - Lee's Summit 4 |
TOP OF THE 8TH |
Barry's Bay Orioles batting - Pitching for Lee's Summit Tigers : RHP Francisco Ramírez
|
Batting: LHB Chris Russell
|
0-0: Ball 1-0: Called Strike 1-1: Foul Ball, location: 2F 1-2: Strikes out looking
|
Batting: RHB Dwayne Roldán
|
0-0: Called Strike 0-1: Foul Ball, location: 2F 0-2: Ground out 5-3 (Groundball, 56)
|
Batting: RHB Esteban Álvarez
|
0-0: Called Strike 0-1: Foul Ball, location: 2F 0-2: Ball 1-2: Strikes out swinging
|
Top of the 8th over - 0 runs, 0 hits, 0 errors, 0 left on base; Barry's Bay 6 - Lee's Summit 4 |
BOTTOM OF THE 8TH |
Lee's Summit Tigers batting - Pitching for Barry's Bay Orioles : RHP Phil Wright
|
Batting: LHB José Guerrero
|
0-0: Ball 1-0: SINGLE (Flyball, 78S)
|
Batting: RHB José Deleón
|
0-0: Ball 1-0: Ball 2-0: Swinging Strike 2-1: Foul Ball, location: 2F 2-2: Strikes out swinging
|
Batting: RHB William Flores
|
0-0: Swinging Strike 0-1: Fly out, F8 (Flyball, 8LD)
|
Batting: LHB Víctor Piña
|
0-0: Fielders Choice at 2nd, 6-4 (Groundball, 6)
|
Bottom of the 8th over - 0 runs, 1 hit, 0 errors, 1 left on base; Barry's Bay 6 - Lee's Summit 4 |
TOP OF THE 9TH |
Barry's Bay Orioles batting - Pitching for Lee's Summit Tigers : RHP Francisco Ramírez
|
Batting: RHB Kevin Hawkins
|
0-0: Called Strike 0-1: Ball 1-1: Ball 2-1: Ball 3-1: Base on Balls
|
Batting: RHB Howard Robinson
|
0-0: Foul Ball, location: 2F 0-1: Swinging Strike 0-2: Ground out 3-1 (Groundball, 34) Kevin Hawkins to second
|
Batting: RHB Dwayne Dickey
|
0-0: Intentional Walk
|
Pinch Hitting: LHB Dave Sanders
|
0-0: Ball 1-0: Ball 2-0: Ball 3-0: Called Strike 3-1: 3-RUN HOME RUN (Flyball, 9D), Distance : 368 ft
|
Pitching: RHP Pedro Mata
|
|
Batting: SHB António Cortéz
|
0-0: Ball 1-0: Ground out 4-3 (Groundball, 4)
|
Batting: RHB Francisco Fidal
|
0-0: Called Strike 0-1: Foul Ball, location: 2F 0-2: Ball 1-2: Foul Ball, location: 2F 1-2: Ball 2-2: Ball 3-2: Ground out 5-3 (Groundball, 56S)
|
Top of the 9th over - 3 runs, 1 hit, 0 errors, 0 left on base; Barry's Bay 9 - Lee's Summit 4 |
BOTTOM OF THE 9TH |
Lee's Summit Tigers batting - Pitching for Barry's Bay Orioles : RHP Phil Wright
|
Now at 3B: Brent Boswell
|
|
Batting: RHB Tommy Smith
|
0-0: Called Strike 0-1: TRIPLE (Line Drive, 78XD)
|
Batting: LHB António Bonaccorsi
|
0-0: Foul Ball, location: 2F 0-1: Ball 1-1: Ball 2-1: Ball 3-1: Base on Balls
|
Batting: RHB Josh Martin
|
0-0: SINGLE (Flyball, 7LS) Tommy Smith scores António Bonaccorsi to second
|
Pitching: RHP Gianfranco Confalonieri
|
|
Batting: RHB Gerardo Romero
|
0-0: Ball 1-0: Ball 2-0: Foul Ball, location: 2F 2-1: Foul Ball, location: 2F 2-2: Ball 3-2: DOUBLE (Line Drive, 78D) António Bonaccorsi scores Josh Martin to third
|
Pinch Hitting: RHB Stephen Segura
|
0-0: Ball 1-0: SINGLE (Line Drive, 7S) Josh Martin scores Gerardo Romero to third
|
Batting: LHB José Guerrero
|
0-0: Ball 1-0: Ball 2-0: Ball 3-0: Called Strike 3-1: Foul Ball, location: 2F 3-2: Base on Balls Stephen Segura to second
|
Batting: RHB José Deleón
|
0-0: SINGLE (Flyball, 78M) Gerardo Romero scores Stephen Segura to third José Guerrero to second Runner from 3rd tries for Home, SAFE, no throw
|
Batting: RHB William Flores
|
0-0: Ball José Deleón steals 2nd base José Guerrero to third 1-0: Ball 2-0: Ball 3-0: Base on Balls
|
Batting: LHB Víctor Piña
|
0-0: Ball 1-0: Called Strike 1-1: Ball 2-1: Ball 3-1: Base on Balls José Guerrero scores José Deleón to third William Flores to second
|
Saturday, April 7th, 2018 - OOTP Baseball 18.8 Build 76
|
|